 Dungeon Crawl Stone Soup version 0.30.1-11-g7821555f0a (webtiles) character file.

Game seed: 4224218454147262629

1438 Kallu the Trooper (level 8, -8/51 HPs)
             Began as a Deep Elf Earth Elementalist on Jan 15, 2024.
             Was an Initiate of Sif Muna.
             Killed from afar by a steam dragon (12 damage)
             ... with a ball of steam
             ... on level 6 of the Dungeon.
             The game lasted 00:10:09 (5604 turns).

Kallu the Trooper (Deep Elf Earth Elementalist)     Turns: 5604, Time: 00:10:10

Health: -8/51      AC:  4    Str:  8    XL:     8   Next: 45%
Magic:  9/17       EV: 14    Int: 26    God:    Sif Muna [......]
Gold:   277        SH:  0    Dex: 15    Spells: 11/17 levels left

rFire   . . .        a - +7 dagger "Weydeest" {drain, +Blink rC+ Str+3 Int+3}
rCold   + . .        (no shield)
rNeg    . . .        y - +0 robe
rPois   .            (no helmet)
rElec   .            (no cloak)
rCorr   .            (no gloves)
SInv    .            o - +1 pair of boots
Will    .....        (no amulet)
Stlth   +++          (no ring)
HPRegen 0.28/turn    (no ring)
MPRegen 0.15/turn

%: no passive effects
@: no status effects
A: no striking features
a: Renounce Religion, Evoke Blink


You were on level 6 of the Dungeon.
You worshipped Sif Muna.
Sif Muna was noncommittal.
You visited 2 branches of the dungeon, and saw 7 of its levels.

You collected 277 gold pieces.

Inventory:

Hand Weapons
 a - the +7 dagger "Weydeest" (weapon) {drain, +Blink rC+ Str+3 Int+3}
   (You found it on level 5 of the Dungeon)

   Str:       It affects your strength (+3).
   Int:       It affects your intelligence (+3).
   rC:        It protects you from cold.
   +Blink:    It lets you blink.
Missiles
 i - a throwing net
Armour
 o - a +1 pair of boots (worn)
 y - a +0 robe (worn)
Magical Staves
 p - a staff of death
Wands
 g - a wand of charming (17)
 k - a wand of mindburst (13)
 u - a wand of flame (31)
Scrolls
 d - 2 scrolls of teleportation {unknown}
 e - 4 scrolls of identify {unknown}
 h - 2 scrolls of amnesia {unknown}
 j - a scroll of vulnerability {unknown}
 r - a scroll of noise {unknown}
 w - a scroll of enchant weapon {unknown}
 z - a scroll of magic mapping {unknown}
Potions
 b - 2 potions of magic
 c - 3 potions of might {unknown}
 f - a potion of heal wounds {unknown}
 l - 2 potions of lignification {unknown}
 m - a potion of curing {unknown}
 n - 3 potions of attraction {unknown}
 q - 2 potions of berserk rage {unknown}
 s - 2 potions of degeneration {unknown}
 t - 2 potions of resistance {unknown}
 v - a potion of haste {unknown}
 x - a potion of flight {unknown}


   Skills:
 - Level 6.0 Fighting
 - Level 5.0 Dodging
 - Level 4.0 Stealth
 + Level 5.1 Spellcasting
 - Level 4.0 Conjurations
 - Level 1.1 Transmutations
 - Level 5.0 Earth Magic


You had 11 spell levels left.
You knew the following spells:

 Your Spells              Type           Power      Damage    Failure   Level
a - Sandblast             Erth           64%        2d14      1%          1
b - Stone Arrow           Conj/Erth      60%        3d10      3%          3
A - Passwall              Tmut/Erth      18%        N/A       3%          2

Your spell library contained the following spells:

 Spells                   Type           Power      Damage    Failure   Level
 Static Discharge         Conj/Air       34%        2-4/arc   4%          2
 Gell's Gravitas          Tloc           6%         N/A       22%         3
 Teleport Other           Tloc           6%         N/A       22%         3
 Vhi's Electric Charge    Tloc/Air       12%        N/A       22%         3
 Petrify                  Tmut/Erth      22%        N/A       22%         4
 Airstrike                Air            3%         2d(1-17)  58%         4
 Summon Lightning Spire   Summ/Air       6%         N/A       58%         4
 Arcjolt                  Conj/Air       8%         1d18      67%         5
 Dispersal                Tloc           3%         N/A       100%        6
 Maxwell's Capacitive Co  Air            3%         ∞         100%        8


Dungeon Overview and Level Annotations

Branches:
Dungeon (6/15)             Temple (1/1) D:6

Altars:
Ashenzari
Cheibriados
Dithmenos
Elyvilon
Fedhas
Hepliaklqana
Makhleb
Nemelex Xobeh
Okawaru
Qazlal
Sif Muna
Vehumet
Wu Jian
Xom
Yredelemnul
Zin

Shops:
D:6 (

Annotations:
D:3 1 runed translucent door, Crazy Yiuf
D:4 3 runed translucent doors, Bizboz's ghost, amateur DjNe


Message History

Confirm with . or Enter, or press ? or * to list all spells.
Aiming: Stone Arrow (dangerous; 3% risk of failure)
Press: ? - help, Shift-Dir - straight line, f - steam dragon
Aim: a steam dragon (74% to hit)
The stone arrow hits the steam dragon!
The steam dragon is moderately wounded.
Unknown command.
Casting: Stone Arrow (dangerous; 3% risk of failure)
Confirm with . or Enter, or press ? or * to list all spells.
Aiming: Stone Arrow (dangerous; 3% risk of failure)
Press: ? - help, Shift-Dir - straight line, f/p - steam dragon
Aim: a steam dragon (moderately wounded, 74% to hit)
The stone arrow hits the steam dragon!
The steam dragon is severely wounded.
The steam dragon breathes steam at you. The ball of steam hits you!
The blast of sand hits the steam dragon.
The steam dragon is almost dead.
You are engulfed in a cloud of scalding steam.
The steam dragon breathes steam at you. The ball of steam hits you!
* * * LOW HITPOINT WARNING * * *
You are too injured to fight recklessly!
Aiming: Sandblast (safe; 1% risk of failure)
Press: ? - help, Q - select action, (/) - cycle Shift-Dir - straight line, f/p - steam dragon
Aim: a steam dragon (almost dead, catching its breath, 84% to hit)
The blast of sand misses the steam dragon.
The steam dragon bites you!
* * * LOW HITPOINT WARNING * * *
The steam dragon claws you but does no damage.
Aiming: Sandblast (safe; 1% risk of failure)
Press: ? - help, Q - select action, (/) - cycle Shift-Dir - straight line, f/p - steam dragon
Aim: a steam dragon (almost dead, catching its breath, 84% to hit)
The blast of sand misses the steam dragon.
The steam dragon bites you.
* * * LOW HITPOINT WARNING * * *
The steam dragon misses you. The steam dragon breathes steam at you.
The ball of steam hits you!
You die...

###### #.... ≈≈.≈≈
#####§.≈#####
≈≈≈#≈.≈#≈≈≈ .......
#≈D≈# ≈#####≈@≈#####≈
≈≈≈≈≈≈≈.≈≈≈≈≈≈≈
.......#####..#######
..............§.......
.
........#####.§(######
. ........# #...#
######
........#####...#
#....#
........##......#
#.##.#
........##......#
#.##.#


You could see a steam dragon (catching breath).

Vanquished Creatures
  Maggie (D:6)
  A centaur (D:5)
  2 ogres
  A phantom (D:4)
  A gnoll sergeant (D:5)
  2 electric eels (D:6)
  7 hounds
  A jelly (D:4)
  2 orc priests (D:4)
  A sleepcap (D:6)
  Jessica (D:3)
  Ijyb (D:3)
  Terence (D:2)
  2 orc wizards (D:4)
  7 gnolls
  6 adders
  A shadow imp (D:6)
  2 ufetubi
  16 orcs
  4 bats
  4 endoplasms
  8 goblins
  8 hobgoblins
  10 jackals
  8 kobolds
  15 ball pythons
  6 frilled lizards
  5 rats
124 creatures vanquished.

Notes
Turn   | Place    | Note
-------+----------+-------------------------------------------
     0 | D:1      | Kallu the Deep Elf Earth Elementalist began the quest for
                  | the Orb.
     0 | D:1      | Reached XP level 1. HP: 10/10 MP: 6/6
    13 | D:1      | Reached skill level 1 in Fighting
   111 | D:1      | Reached XP level 2. HP: 16/16 MP: 5/8
   524 | D:1      | Reached skill level 2 in Fighting
   736 | D:2      | Reached XP level 3. HP: 21/21 MP: 5/9
   781 | D:2      | Learned a level 3 spell: Stone Arrow
   784 | D:2      | Learned a level 2 spell: Passwall
  1044 | D:2      | Noticed Terence
  1053 | D:2      | Killed Terence
  1054 | D:2      | Reached skill level 3 in Fighting
  1054 | D:2      | Reached XP level 4. HP: 19/28 MP: 3/10
  1437 | D:2      | Found a faded altar of an unknown god.
  1839 | D:3      | Found a glowing silver altar of Zin.
  1879 | D:3      | Found a runed translucent door.
  1880 | D:3      | Noticed Crazy Yiuf
  1943 | D:3      | Noticed Jessica
  1946 | D:3      | Killed Jessica
  1993 | D:3      | Noticed Ijyb
  2016 | D:3      | Killed Ijyb
  2017 | D:3      | Reached skill level 4 in Fighting
  2017 | D:3      | Reached XP level 5. HP: 33/33 MP: 11/11
  2054 | D:3      | Reached skill level 1 in Conjurations
  2408 | D:4      | Noticed a phantom
  2415 | D:4      | Killed a phantom
  2555 | D:4      | Reached XP level 6. HP: 38/38 MP: 9/12
  3103 | D:4      | Identified the +4 quarterstaff "Yledar" {antimagic, Will+
                  | Dex+5}
  3213 | D:4      | Reached skill level 5 in Earth Magic
  3284 | D:4      | Reached XP level 7. HP: 32/43 MP: 8/13
  3462 | D:4      | Found a runed translucent gate.
  3462 | D:4      | Found a runed translucent gate.
  3465 | D:4      | Found a runed translucent gate.
  3467 | D:4      | Noticed Bizboz's ghost (amateur DjNe)
  3566 | D:5      | Entered Level 5 of the Dungeon
  3586 | D:5      | Found a burning altar of Makhleb.
  3779 | D:5      | Reached skill level 5 in Dodging
  4238 | D:5      | Reached skill level 5 in Fighting
  4293 | D:5      | Identified the +7 dagger "Weydeest" {drain, +Blink rC+
                  | Str+3 Int+3}
  4606 | D:6      | Found Diuch's Weapon Shoppe.
  4608 | D:6      | Noticed Maggie
  4726 | D:6      | Reached XP level 8. HP: 42/49 MP: 4/14
  4966 | D:6      | Killed Maggie
  5258 | D:6      | Reached skill level 5 in Spellcasting
  5295 | D:6      | Reached skill level 6 in Fighting
  5314 | D:6      | Found a staircase to the Ecumenical Temple.
  5341 | Temple   | Entered the Ecumenical Temple
  5471 | Temple   | Became a worshipper of Sif Muna the Loreminder
  5604 | D:6      | Killed from afar by a steam dragon

Illustrated notes

Levels and vault maps discovered:
D:1:      dpeg_arrival_stonehenge_8_columns, layout_loops_ring
D:2:      layout_loops_ring, shapermc_ecumenical_altar_mp_urbaneastern,
          uniq_terence
D:3:      layout_rooms, zin_statuary, uniq_ijyb, uniq_crazy_yiuf_cottage,
          uniq_jessica
D:4:      layout_basic, gammafunk_ghost_necromancy, glass_columns_a
D:5:      layout_basic, mainiacjoe_overflow_tiny_flanked
D:6:      layout_basic, mainiacjoe_overflow_brackets,
          nicolae_overflow_two_pavilions, minmay_temple_entry_mini_moons,
          serial_shops, nicolae_inconvenience_store, uniq_maggie, uniq_edmund
Temple:   nicolae_temple_superstar

Skill      XL: |  1  2  3  4  5  6  7  8 |
---------------+-------------------------+-----
Fighting       | 1 2 3 4 5 6 |  6.0
Conjurations   | 2 4 |  4.0
Earth Magic    | 4 5 |  5.0
Dodging        | 3 5 |  5.0
Stealth        | 4 |  4.0
Spellcasting   | 5 |  5.1
Transmutations | |  1.1

Action                     |  1- 3 |  4- 6 |  7- 9 || total
---------------------------+-------+-------+-------++-------
  Melee: Short sword       |     3 |     1 |     2 ||     6
         Dagger            |       |       |     2 ||     2
   Cast: Sandblast         |    48 |    81 |    59 ||   188
         Stone Arrow       |       |     2 |    21 ||    23
  Evoke: Wand              |     2 |     4 |     3 ||     9
 Armour: Robe              |       |     7 |     4 ||    11
  Dodge: Dodged            |    10 |    19 |    22 ||    51
